 Dungeon Crawl Stone Soup version 0.22.1-1-ga44c0e5 (webtiles) character file.

33499 Lavandula the Severer (level 13, -2/105 HPs)
             Began as a Centaur Berserker on Nov 10, 2018.
             Was an Elder of Trog.
             Slain by a spiny frog (25 damage)
             ... on level 2 of the Lair of Beasts.
             The game lasted 00:56:09 (8632 turns).

Lavandula the Severer (Centaur Berserker)           Turns: 8632, Time: 00:56:09

Health: -2/105     AC:  1    Str: 26    XL:     13   Next: 37%
Magic:  17/17      EV:  9    Int:  6    God:    Trog [****..]
Gold:   616        SH:  0    Dex:  8    Spells: 12/12 levels left

rFire    + . .     SeeInvis +   T - +1 hand axe (vamp)
rCold    . . .     Gourm    +   (no shield)
rNeg     + . .     Faith    .   G - +3 scale mail {rF+}
rPois    .         Spirit   .   (no helmet)
rElec    .         Reflect  .   j - +2 cloak
rCorr    .         Harm     .   (no gloves)
MR       .....                  (no barding)
Stlth    ..........             e - amulet of the gourmand
HPRegen  0.27/turn              A - ring of positive energy
MPRegen  0.15/turn              N - ring of see invisible

@: about to teleport, marked, corroded, berserk cooldown, slowed
A: large, hooves 3, deformed body, speed 2, tough skin 3
a: Berserk, Trog's Hand, Brothers in Arms, Renounce Religion


You were on level 2 of the Lair of Beasts.
You worshipped Trog.
Trog was greatly pleased with you.
You were very full.

You visited 3 branches of the dungeon, and saw 17 of its levels.
You also visited: Ossuary and Volcano.

You collected 1243 gold pieces.
You spent 627 gold pieces at shops.

Inventory:

Hand Weapons
 a - a +5 battleaxe of venom
 i - a +0 spear
 m - a +0 hunting sling
 C - a +0 war axe
 I - a +1 fustibalus of flaming
 K - a +4 battleaxe of flaming
 O - a +4 broad axe
 T - a +1 vampiric hand axe (weapon)
Missiles
 n - 41 sling bullets
 L - 14 javelins (quivered)
 V - 2 throwing nets
Armour
 j - a +2 cloak (worn)
 v - a +1 robe of resistance
 G - a +3 scale mail of fire resistance (worn)
 H - +0 steam dragon scales
 P - a +0 troll leather armour
 Q - the +1 chain mail "Ponuytara" {-Tele Str+3 Stlth+}
   (You took it off an orc on level 12 of the Dungeon)

   It affects your strength (+3).
   It prevents most forms of teleportation.
   It makes you more stealthy.
 U - a +1 leather armour of fire resistance
 W - a +2 robe of magic resistance
Jewellery
 e - an amulet of the gourmand (around neck)
 q - an uncursed ring of resist corrosion
 A - a ring of positive energy (left hand)
 N - a ring of see invisible (right hand)
Wands
 g - a wand of polymorph (12)
 J - a wand of flame (11)
 R - a wand of acid (5)
Scrolls
 b - a scroll of fog
 f - 3 scrolls of teleportation
 k - 2 scrolls of enchant weapon
 l - 3 scrolls of remove curse
 r - 2 scrolls of enchant armour
 s - 2 scrolls of amnesia
 y - a scroll of holy word
 D - a scroll of immolation {unknown}
Potions
 d - 3 potions of flight
 h - 4 potions of might
 o - 3 potions of heal wounds
 p - 5 potions of lignification
 t - 2 potions of agility
 u - a potion of magic
 w - 2 potions of resistance
 x - 2 potions of brilliance {unknown}
 z - 5 potions of ambrosia
 B - 3 potions of curing
 E - 2 potions of cancellation {unknown}
 F - 2 potions of haste
 M - a potion of mutation {unknown}
 S - 4 potions of berserk rage {unknown}
Comestibles
 c - 17 rations


   Skills:
 - Level 7.2 Fighting
 + Level 16.6 Axes
 - Level 5.7 Armour
 - Level 4.6 Dodging
 - Level 6.3 Evocations


You had 12 spell levels left.
You didn't know any spells.
Your spell library contained the following spells:

 Spells                   Type           Power        Failure   Level  Hunger
 Flame Tongue             Conj/Fire      #....        71%         1    ##.....
 Throw Flame              Conj/Fire      #.....       85%         2    ###....
 Conjure Flame            Conj/Fire      #.......     97%         3    ####...
 Inner Flame              Hex/Fire       #.......     97%         3    ####...
 Sticky Flame             Conj/Fire      #.......     100%        4    #####..
 Fireball                 Conj/Fire      #.........   100%        5    ######.


Dungeon Overview and Level Annotations

Branches:
Dungeon (13/15)            Temple (0/1) D:7            Lair (2/6) D:10
    Orc (2/2) D:12            Elf (0/3) Orc:2
  Swamp: Lair:2-4    Shoals: Lair:2-4     Snake: Lair:2-4    Spider: Lair:2-4
 Vaults: D:13-14

Altars:
Kikubaaqudgha
Sif Muna
Uskayaw
Vehumet
Beogh

Shops:
D:8 (   Orc:2 (!::

Annotations:
Lair:2 Fannar


Innate Abilities, Weirdness & Mutations

You have hooves in place of feet.
Armour fits poorly on your strangely shaped body.
You cover ground very quickly.
You have extremely tough skin. (AC +3)


Message History

a glaive; a scale mail; a chunk of flesh Eat a chunk of flesh? (ye/n/q)
You eat the chunk of flesh.
This raw flesh tastes great.
Okay, then.
You start resting.
The spiny frog is too close now for your liking.
You hit the spiny frog but do no damage.
The spiny frog stings you!!
You are poisoned.
The spiny frog poisons you!
You hit the spiny frog but do no damage.
You feel sick. The spiny frog stings you!
You are lethally poisoned!
The spiny frog poisons you!
You feel better. The spiny frog stings you!!
* * * LOW HITPOINT WARNING * * *
The spiny frog closely misses you.
As you read the scroll of teleportation, it crumbles to dust.
You feel strangely unstable. The spiny frog stings you!!
You die...

####################
#.F.................
#.#@.P##.##P###..#.#
##.##.######## ###### #.F..##
###.#P## *** ####
###########...#######,# ####..#
P...##.#.##.#.....#.#.####.....##
............(.........##.....#...
#.#...................##...##...#
..#...................##...##....


You could see a spiny frog.

Vanquished Creatures
  A red draconian (Volcano)
  2 hydras
  Harold (Lair:2)
  2 two-headed ogres
  An ogre mage (Orc:2)
  Urug (D:11)
  A salamander mystic (Volcano)
  The ghost of SeriousVitamin the Geomancer, a novice DEEE of Sif Muna (D:8)
  An unseen horror (D:11)
  A wolf spider zombie (D:12)
  10 orc sorcerers (Orc:2)
  2 orc knights
  An ugly thing (D:11)
  A manticore (D:12)
  6 salamanders (Volcano)
  A cyclops (D:11)
  4 elephants (Lair:2)
  A black mamba (Lair:2)
  2 gargoyles
  A kobold demonologist (D:12)
  A rime drake (Lair:2)
  2 trolls
  4 hippogriffs
  5 blink frogs (Lair:2)
  A wraith (D:8)
  12 yaks
  A shadow (D:12)
  A water elemental (D:12)
  A steam dragon (D:10)
  5 wargs
  3 water moccasins
  A soldier ant (D:12)
  3 porcupines (Lair:2)
  16 orc warriors
  2 ice beasts
  2 sky beasts
  4 phantoms
  5 centaurs
  3 necrophages
  2 eyes of draining
  9 ogres
  5 crocodiles
  4 big kobolds
  5 bullfrogs
  5 scorpions
  14 wights
  2 electric eels (D:12)
  3 howler monkeys
  3 crimson imps
  4 centaur zombies
  A spectral bullfrog (D:8)
  3 bullfrog zombies
  A bullfrog skeleton (D:11)
  3 centaur skeletons
  17 orc priests
  4 hounds
  4 jellies
  3 iguanas
  39 orc wizards
  8 worker ants
  2 hound zombies
  A hound skeleton (D:5)
  5 mummies
  9 adders
  2 shadow imps
  An ooze (D:5)
  2 adder zombies
  2 adder skeletons
  3 dart slugs
  3 leopard geckos
  81 orcs
  A giant cockroach (D:2)
  A goblin (D:3)
  5 hobgoblins
  13 jackals
  3 quokkas
  3 ball pythons (D:2)
  6 bats
  3 frilled lizards
  2 gnoll skeletons (Ossuary)
  2 gnoll zombies (Ossuary)
  A goblin skeleton (Ossuary)
  7 goblin zombies (Ossuary)
  3 hobgoblin skeletons (Ossuary)
  3 hobgoblin zombies (Ossuary)
  7 kobolds
  4 kobold skeletons (Ossuary)
  2 kobold zombies (Ossuary)
  5 orc skeletons (Ossuary)
  An orc zombie (Ossuary)
  2 rats
  3 rat skeletons (Ossuary)
  2 rat zombies (Ossuary)
442 creatures vanquished.

Vanquished Creatures (others)
  Menkaure (Ossuary)
  3 orc wizards (Orc:2)
  An orc (D:7)
  A gnoll skeleton (Ossuary)
  2 goblin zombies (Ossuary)
  2 hobgoblin skeletons (Ossuary)
  3 hobgoblin zombies (Ossuary)
  2 kobold skeletons (Ossuary)
  An orc skeleton (Ossuary)
  An orc zombie (Ossuary)
  A rat skeleton (Ossuary)
  2 rat zombies (Ossuary)
20 creatures vanquished.

Grand Total: 462 creatures vanquished

Notes
Turn   | Place    | Note
-------+----------+-------------------------------------------
     0 | D:1      | Lavandula the Centaur Berserker began the quest for the
                  | Orb.
     0 | D:1      | Reached XP level 1. HP: 19/19 MP: 1/1
    51 | D:1      | Reached skill level 3 in Axes
    58 | D:1      | Reached XP level 2. HP: 15/26 MP: 2/2
   518 | D:3      | Reached XP level 3. HP: 22/31 MP: 3/3
   537 | D:2      | Reached ** piety under Trog
   555 | D:2      | Reached skill level 4 in Axes
   620 | D:3      | Noticed a scorpion
   626 | D:3      | Killed a scorpion
   626 | D:3      | Reached XP level 4. HP: 35/38 MP: 4/4
   866 | D:3      | Reached skill level 5 in Axes
   974 | D:5      | Entered Level 5 of the Dungeon
   979 | D:5      | Reached XP level 5. HP: 45/45 MP: 5/5
  1070 | D:5      | Noticed a phantom
  1089 | D:5      | Killed a phantom
  1089 | D:5      | Reached skill level 6 in Axes
  1089 | D:5      | Reached XP level 6. HP: 19/51 MP: 6/6
  1158 | D:5      | Noticed an ice beast
  1203 | D:5      | Noticed a sky beast
  1216 | D:5      | Killed a sky beast
  1216 | D:5      | Reached skill level 7 in Axes
  1222 | D:5      | Killed an ice beast
  1222 | D:5      | Reached XP level 7. HP: 55/57 MP: 7/7
  1319 | D:5      | Reached *** piety under Trog
  1596 | D:7      | Reached skill level 8 in Axes
  1602 | D:7      | Found a sand-covered staircase.
  1622 | Ossuary  | Entered an ossuary
  1908 | Ossuary  | Killed Menkaure
  1975 | D:7      | Reached **** piety under Trog
  2035 | D:7      | Reached skill level 9 in Axes
  2035 | D:7      | Reached XP level 8. HP: 45/63 MP: 8/8
  2082 | D:7      | Noticed a dagger
  2084 | D:7      | Noticed a dagger
  2092 | D:7      | Found a hide-covered altar of Uskayaw.
  2108 | D:7      | Noticed a two-headed ogre
  2354 | D:6      | Reached skill level 10 in Axes
  2754 | D:7      | Reached skill level 11 in Axes
  2754 | D:7      | Reached XP level 9. HP: 22/69 MP: 9/9
  2809 | D:7      | Found a staircase to the Ecumenical Temple.
  2921 | D:8      | Found Yckisoeck's Antique Weapon Boutique.
  2942 | D:8      | Noticed SeriousVitamin's ghost (novice DEEE)
  2945 | D:8      | Found a transporter.
  3267 | D:8      | Found a transporter.
  3357 | D:8      | Killed SeriousVitamin's ghost
  3357 | D:8      | Reached skill level 12 in Axes
  3445 | D:10     | Entered Level 10 of the Dungeon
  3657 | D:10     | Reached XP level 10. HP: 78/78 MP: 10/10
  3683 | D:10     | Found a staircase to the Lair.
  3697 | D:9      | Noticed a gargoyle
  3705 | D:9      | Killed a gargoyle
  3825 | D:9      | Reached ***** piety under Trog
  3838 | D:9      | Noticed a two-headed ogre
  3852 | D:9      | Killed a two-headed ogre
  4251 | D:11     | Noticed a five-headed hydra
  4270 | D:11     | Killed a five-headed hydra
  4326 | D:11     | Reached skill level 5 in Armour
  4350 | D:11     | Reached XP level 11. HP: 84/84 MP: 9/11
  4358 | D:11     | Received a gift from Trog
  4501 | D:11     | Reached skill level 13 in Axes
  4509 | D:11     | Noticed a two-headed ogre
  4686 | D:11     | Noticed a red ugly thing
  4729 | D:11     | Killed a red ugly thing
  4882 | D:11     | Killed an unseen horror
  5012 | D:11     | Noticed Urug
  5037 | D:11     | Killed Urug
  5037 | D:11     | Reached skill level 14 in Axes
  5580 | D:12     | Got an obsidian-encrusted chain mail
  5596 | D:12     | Identified the +1 chain mail "Ponuytara" {-Tele Str+3
                  | Stlth+} (You took it off an orc on level 12 of the Dungeon)
  5722 | D:12     | Reached skill level 15 in Axes
  5775 | D:12     | Noticed an orc knight
  5812 | D:12     | Killed an orc knight
  5812 | D:12     | Reached XP level 12. HP: 92/92 MP: 12/12
  5924 | D:12     | Reached skill level 5 in Fighting
  5929 | D:12     | Found a staircase to the Orcish Mines.
  6079 | Orc:1    | Entered Level 1 of the Orcish Mines
  6132 | Orc:1    | Received a gift from Trog
  6171 | Orc:1    | Found a roughly hewn altar of Beogh.
  6197 | Orc:2    | Entered Level 2 of the Orcish Mines
  6721 | Orc:2    | Received a gift from Trog
  6856 | Orc:2    | Noticed a two-headed ogre
  6876 | Orc:2    | Killed a two-headed ogre
  6967 | Orc:2    | Found a staircase to the Elven Halls.
  6999 | Orc:2    | Found a deep blue altar of Sif Muna.
  7124 | Orc:2    | Reached skill level 1 in Evocations
  7151 | Orc:2    | Found Effaint's Book Shoppe.
  7188 | Orc:2    | Found a radiant altar of Vehumet.
  7198 | Orc:2    | Noticed an ogre mage
  7257 | Orc:2    | Killed an ogre mage
  7298 | Orc:2    | Found an ancient bone altar of Kikubaaqudgha.
  7317 | Orc:2    | Reached skill level 5 in Evocations
  7430 | Orc:2    | Found Xylatax's Book Emporium.
  7449 | Orc:2    | Found Moameo's Antique Weapon Shoppe.
  7450 | Orc:2    | Found a roughly hewn altar of Beogh.
  7455 | Orc:2    | Received a gift from Trog
  7516 | Orc:2    | Found Kickapso's Distillery.
  7547 | Orc:2    | Bought a potion of degeneration for 11 gold pieces
  7548 | Orc:2    | Bought a potion of haste for 110 gold pieces
  7548 | Orc:2    | Bought a potion of agility for 44 gold pieces
  7548 | Orc:2    | Bought a potion of ambrosia for 88 gold pieces
  7548 | Orc:2    | Bought a potion of might for 44 gold pieces
  7548 | Orc:2    | Bought a potion of resistance for 110 gold pieces
  7548 | Orc:2    | Bought a potion of lignification for 33 gold pieces
  7548 | Orc:2    | Bought a potion of heal wounds for 55 gold pieces
  7548 | Orc:2    | Bought a potion of heal wounds for 55 gold pieces
  7548 | Orc:2    | Bought a potion of curing for 33 gold pieces
  7548 | Orc:2    | Bought a potion of agility for 44 gold pieces
  7778 | Lair:1   | Entered Level 1 of the Lair of Beasts
  7834 | Lair:1   | Noticed a seven-headed hydra
  7867 | Lair:1   | Killed a four-headed hydra
  7980 | Lair:2   | Reached XP level 13. HP: 95/105 MP: 17/17
  8139 | Lair:2   | Noticed Fannar
  8153 | Lair:2   | Noticed Harold
  8189 | Lair:2   | Reached skill level 16 in Axes
  8312 | Lair:2   | Found a dark tunnel.
  8329 | Volcano  | Entered a volcano
  8364 | Volcano  | Found a bloodstained altar of Trog.
  8409 | Volcano  | Noticed a red draconian
  8441 | Volcano  | Killed a red draconian
  8621 | Lair:2   | Killed Harold
  8632 | Lair:2   | Slain by a spiny frog

Skill      XL: |  1  2  3  4  5  6  7  8  9 10 11 12 13 |
---------------+----------------------------------------+-----
Axes           | 3 4 5 6 7 9 11 12 15 16 | 16.6
Fighting       | 4 7 |  7.2
Dodging        | 4 |  4.6
Armour         | 5 |  5.7
Evocations     | 6 |  6.3

Action                   |  1- 3 |  4- 6 |  7- 9 | 10-12 | 13-15 || total
-------------------------+-------+-------+-------+-------+-------++-------
Melee: Hand axe          |    73 |    28 |       |   297 |   189 ||   587
       Kick              |     8 |    14 |    94 |   293 |    80 ||   489
       Whip              |       |    58 |   384 |   599 |       ||  1041
       Battleaxe         |       |       |    12 |    23 |       ||    35
 Fire: Hunting sling     |       |       |       |     3 |       ||     3
Throw: Tomahawk          |       |       |     1 |     1 |       ||     2
       Javelin           |       |       |       |     2 |       ||     2
Invok: Berserk           |     1 |     4 |    11 |    26 |     4 ||    46
       Trog's Hand       |       |     1 |     4 |    13 |     7 ||    25
Evoke: Wand              |       |       |       |    13 |       ||    13
  Use: Scroll            |       |       |    13 |       |     6 ||    19
       Potion            |       |       |     1 |     2 |     5 ||     8
  Eat: Chunk             |       |     2 |     6 |    60 |    15 ||    83
       Ration            |       |     2 |     5 |     3 |       ||    10
Armor: Animal skin       |    36 |    22 |    21 |       |       ||    79
       Ring mail         |       |       |    77 |       |       ||    77
       Steam dragon scal |       |       |       |    85 |       ||    85
       Troll leather arm |       |       |       |   108 |    36 ||   144
       Skin              |       |       |       |       |    13 ||    13
       Leather armour    |       |       |       |       |     9 ||     9
       Scale mail        |       |       |       |       |     3 ||     3
Dodge: Dodged            |    27 |    32 |   105 |   272 |    75 ||   511
